 Dungeon Crawl Stone Soup version 0.26.0-18-gc5c842f807 (webtiles) character file.

Game seed: 11834045938909520261

462184 gimp the Impregnable (level 24, -32/151 HPs)
             Began as a Gargoyle Fighter on Jan 23, 2021.
             Was a High Priest of Okawaru.
             Annihilated by a titan (34 damage)
             ... on level 5 of the Vaults.
             The game lasted 01:55:30 (40466 turns).

gimp the Impregnable (Gargoyle Fighter)            Turns: 40466, Time: 01:55:31

Health: -32/151    AC: 55    Str: 33 (34) XL:     24   Next: 50%
Magic:  24/29      EV: 18    Int: 22      God:    Okawaru [*****.]
Gold:   2200       SH: 19    Dex: 18      Spells: 23/23 levels left

rFire    + . .     SeeInvis +   b - +3 broad axe (elec)
rCold    . . .     Faith    .   S - +1 kite shield {rF+}
rNeg     + + .     Spirit   .   W - +2 plate armour {Will+}
rPois    ∞         Reflect  .   J - +1 helmet {Int+3}
rElec    +         Harm     .   f - +2 cloak of the Tuna {Regen+ SInv}
rCorr    +         Rampage  +   R - +1 pair of gloves {Str+3}
Will     +++..     Rnd*Rage +   A - +0 pair of boots {rampage}
Stlth    ..........             k - amulet of Saothod {Acrobat rN+ Will+}
HPRegen  0.75/turn              B - ring "Jiler" {Str+6 Int+5 Dex+7 Stlth-}
MPRegen  0.21/turn              d - ring of resist corrosion

@: liquid flames, heroism, finesse, berserk cooldown, slowed, glowing, very slow
A: big wings, berserk 1, deterioration 2, negative energy resistance 1,
electricity resistance, unbreathing, petrification resistance, miasma immunity,
AC +18
}: 2/15 runes: decaying, gossamer
a: Fly, Renounce Religion, Heroism, Finesse


You were on level 5 of the Vaults.
You worshipped Okawaru.
Okawaru was extremely pleased with you.
You visited 7 branches of the dungeon, and saw 37 of its levels.
You also visited: Gauntlet, Ice Cave, Volcano, Wizlab and Desolation.

You collected 6073 gold pieces.
You spent 3873 gold pieces at shops.

Inventory:

Hand Weapons
 a - a +5 broad axe of flaming
 b - a +3 broad axe of electrocution (weapon)
Missiles
 q - 30 javelins
 x - 29 silver javelins (quivered)
 I - 17 curare-tipped darts
Armour
 f - the +2 cloak of the Tuna (worn) {Regen+ SInv}
   (You bought it in a shop on level 7 of the Dungeon)

   It lets you see invisible.
   It increases your rate of regeneration.
 A - a +0 pair of boots of rampaging (worn)
 J - a +1 helmet of intelligence (worn)
 R - a +1 pair of gloves of strength (worn)
 S - a +1 kite shield of fire resistance (worn)
 U - a +1 plate armour of fire resistance
 W - a +2 plate armour of willpower (worn)
 X - a +1 cloak of cold resistance
Jewellery
 d - a ring of resist corrosion (right hand)
 k - the amulet of Saothod (around neck) {Acrobat rN+ Will+}
   (You bought it in a shop on level 7 of the Dungeon)

   [amulet of the acrobat]

   It helps you evade while moving and waiting.
   It protects you from negative energy.
   It affects your willpower, your defense against some magical effects.
 w - the ring of Mistrust {Will+ AC+4}
   (You found it in the Desolation of Salt)

   [ring of protection]

   It affects your AC (+4).
   It affects your willpower, your defense against some magical effects.
 y - an uncursed ring of positive energy
 B - the ring "Jiler" (left hand) {Str+6 Int+5 Dex+7 Stlth-}
   (You found it in a wizard's laboratory)

   [ring of strength]

   It affects your strength (+6).
   It affects your intelligence (+5).
   It affects your dexterity (+7).
   It makes you less stealthy.
 E - an uncursed ring of ice
Wands
 t - a wand of digging (11)
 u - a wand of flame (51)
 G - a wand of acid (23)
 O - a wand of iceblast (88)
Scrolls
 g - 7 scrolls of enchant armour
 h - 22 scrolls of teleportation
 i - 2 scrolls of summoning
 j - 10 scrolls of blinking
 n - 15 scrolls of remove curse
 s - 4 scrolls of fog
 z - a scroll of fear
 C - 9 scrolls of identify
 D - 5 scrolls of magic mapping
 K - a scroll of enchant weapon
Potions
 c - a potion of cancellation
 e - 15 potions of heal wounds
 l - 10 potions of might
 m - 2 potions of mutation
 o - 5 potions of haste
 p - 11 potions of curing
 r - 8 potions of ambrosia
 v - 3 potions of magic
 F - 6 potions of resistance
Miscellaneous
 H - a lightning rod (4/4)
 P - a tin of tremorstones (2/2)
 Q - a phantom mirror
 V - a condenser vane


   Skills:
 + Level 15.4(20.4) Fighting
 - Level 20.0(25.0) Axes
 - Level 16.0(21.0) Throwing
 * Level 21.3(26.3) Armour
 - Level 8.0(13.0) Dodging
 - Level 15.0(20.0) Shields
 - Level 8.0 Invocations
 - Level 11.0 Evocations


You had 23 spell levels left.
You didn't know any spells.
Your spell library contained the following spells:

 Spells                   Type           Power        Failure   Level
 Beastly Appendage        Tmut           0%           41%         1
 Sandblast                Erth           0%           41%         1
 Shock                    Conj/Air       0%           41%         1
 Swiftness                Air            0%           54%         2
 Wereblood                Tmut           0%           54%         2
 Call Canine Familiar     Summ           0%           78%         3
 Ignite Poison            Fire/Tmut/Pois 0%           78%         3
 Spider Form              Tmut/Pois      0%           78%         3
 Static Discharge         Conj/Air       0%           78%         3
 Summon Guardian Golem    Hex/Summ       0%           78%         3
 Airstrike                Air            0%           99%         4
 Animate Dead             Necr           0%           99%         4
 Ice Form                 Ice/Tmut       0%           99%         4
 Petrify                  Tmut/Erth      0%           99%         4
 Summon Ice Beast         Ice/Summ       0%           99%         4
 Agony                    Necr           0%           100%        5
 Alistair's Intoxication  Tmut/Pois      0%           100%        5
 Blade Hands              Tmut           0%           100%        5
 Borgnjor's Vile Clutch   Necr/Erth      0%           100%        5
 Fireball                 Conj/Fire      0%           100%        5
 Irradiate                Conj/Tmut      0%           100%        5
 Lightning Bolt           Conj/Air       0%           100%        5
 Silence                  Hex/Air        0%           100%        5
 Summon Mana Viper        Hex/Summ       0%           100%        5
 Conjure Ball Lightning   Conj/Air       0%           100%        6
 Death Channel            Necr           0%           100%        6
 Eringya's Noxious Bog    Tmut/Pois      0%           100%        6
 Freezing Cloud           Conj/Ice/Air   0%           100%        6
 Simulacrum               Ice/Necr       0%           100%        6
 Starburst                Conj/Fire      0%           100%        6
 Spellforged Servitor     Conj/Summ      0%           100%        7
 Ignition                 Fire           0%           100%        8
 Shatter                  Erth           0%           100%        9
 Tornado                  Air            0%           100%        9
 Sublimation of Blood     Necr           Unusable     N/A         2

Dungeon Overview and Level Annotations

Branches:
Dungeon (15/15)            Temple (1/1) D:5            Lair (6/6) D:9
  Swamp (4/4) Lair:3       Spider (4/4) Lair:4        Slime (0/5) Lair:5
    Orc (2/2) D:11            Elf (0/3) Orc:2        Vaults (5/5) D:14
  Crypt (0/3) Vaults:3     Depths (0/5) D:15          IceCv (visited)
Volcano (visited)          WizLab (visited)         Desolation (visited)
Gauntlet (visited)

Altars:
Ashenzari
Cheibriados
Dithmenos
Elyvilon
Fedhas
Gozag
Hepliaklqana
Kikubaaqudgha
Makhleb
Nemelex Xobeh
Okawaru
Qazlal
Ru
Sif Muna
Trog
Uskayaw
Vehumet
Wu Jian
Xom
Yredelemnul
Zin
The Shining One
Beogh
Jiyva

Shops:
D:7 =[([   D:8 (   D:15 *   Orc:2 [}[(   Vaults:1 }   Vaults:3 *   Vaults:4 [[

Annotations:
D:3 Ijyb
D:5 2 runed translucent doors, Tarl's ghost, novice FoFi
Lair:2 exclusion: 2 oklob plants


Innate Abilities, Weirdness & Mutations

You are resistant to torment.
Your stone body is resilient. (AC +18)
You are immune to poison.
Your large and strong wings let you fly indefinitely.
You resist negative energy. (rN+)
You are resistant to electric shocks. (rElec)
You can survive without breathing.
You are immune to petrification.
You are immune to miasma.
You tend to lose your temper in combat.
Your body often deteriorates upon taking damage.


Message History

The golden dragon breathes cold at you.
The bolt of cold misses the ancient lich.
The bolt of cold hits you!!!
* * * LOW HITPOINT WARNING * * *
You take 58 damage, and have 27/151 hp.
MASSIVE DAMAGE!!
Unknown command.
You feel much better.
The ancient lich points at you and mumbles some strange words.
The iron shot hits you!!!
* * * LOW HITPOINT WARNING * * *
You block the phantasmal warrior's attack.
The frost giant casts a spell at you.
The bolt of cold misses the ancient lich.
The bolt of cold misses you.
A fire giant comes into view.
It is wielding a +1 great sword of flaming.
The balrug gestures at you.
The sticky flame hits you but does no damage.
You are covered in liquid flames!
The titan hits you!!
You die...

#######################
................C2C...#
.....).......○.W@LDp..#
##################DC..#
#..#} D....# .#.'.
.#§#..# ...# C#.##..#
...# .#.. ..# ...# ..
#. .# ...# .# .# .#
..##


You could see a shadow dragon, a titan (strong), a golden dragon (catching
breath), an ancient lich (invisible), a frost giant, a fire giant, a balrug
(summoned), a phantasmal warrior and an ironbrand convoker.

Vanquished Creatures
  An ancient lich (Vaults:4)
  Mara (Spider:3)
  Margery (Vaults:3)
  Xtahua (Vaults:4)
  Saint Roka (Orc:2)
  2 golden dragons (Vaults:4)
  Jory (Vaults:4)
  A Hellbinder (WizLab)
  6 tentacled monstrosities
  Arachne (Spider:4)
  Rupert (D:15)
  Jorgrun (D:15)
  4 titans
  A lich (Vaults:4)
  Gastronok (Lair:3)
  5 sphinxes
  2 shadow dragons (Vaults:4)
  Kirke (D:15)
  A thorn hunter (Swamp:4)
  Donald (Swamp:3)
  9 tengu reavers
  5 fenstrider witches
  A blood saint (WizLab)
  5 deep elf sorcerers
  3 frost giants (Vaults:4)
  An orc warlord (Orc:1)
  4 fire giants
  A balrug (WizLab)
  3 iron dragons
  4 ghost moths (Spider:4)
  4 cacodemons (WizLab)
  5 emperor scorpions
  2 imperial myrmidons (Desolation)
  22 vault wardens
  2 reapers
  An iron dragon (shapeshifter) (Vaults:5)
  A ghoul (Vaults:3)
  10 very ugly things
  14 ironheart preservers
  7 stone giants
  A deep elf demonologist (Vaults:4)
  2 lorocyprocas (WizLab)
  2 halazid warlocks (Desolation)
  5 deep elf annihilators
  3 entropy weavers
  3 spark wasps
  2 dire elephants
  7 bunyips
  A minotaur (Gauntlet)
  A small abomination (Vaults:5)
  An eidolon (Vaults:3)
  5 ettins
  2 eleionomae
  2 crystal guardians (Desolation)
  3 deep elf death magi
  2 fire dragons
  Josephine (Orc:1)
  4 blizzard demons
  Fannar (D:11)
  11 yaktaur captains
  7 ragged hierophants (Desolation)
  2 deep elf high priests (Vaults:5)
  3 ice dragons
  18 hydras
  2 rakshasas
  6 servants of whispers (Desolation)
  9 boulder beetles
  10 peacekeepers
  Erica (Lair:2)
  28 vault guards
  4 great orbs of eyes
  3 centaur warriors
  A ghost crab (Swamp:2)
  A catoblepas (Lair:6)
  4 death knights
  5 dancing weapons
  11 alligators
  A deep troll shaman (Lair:6)
  14 ogre magi
  45 two-headed ogres
  5 tengu warriors
  6 death yaks (Lair:6)
  3 orc high priests
  A sun demon (WizLab)
  5 soul eaters
  12 deep elf knights
  Nergalle (D:9)
  Urug (Lair:2)
  18 skeletal warriors
  6 hell knights (Vaults:3)
  5 shadow wraiths
  3 deep trolls (Vaults:2)
  8 goliath frogs
  A storm dragon skeleton (Vaults:3)
  5 spriggan druids
  6 wizards
  A sixfirhy (WizLab)
  2 glowing orange brains
  4 unseen horrors
  4 bog bodies
  Pikel (D:8)
  28 ironbrand convokers
  9 swamp dragons
  8 deep elf archers
  A swamp dragon (shapeshifter) (Vaults:4)
  A lindwurm (Lair:5)
  A phantasmal warrior (Vaults:5)
  8 harpies
  4 necromancers
  14 orc knights
  14 orb spiders
  10 ugly things
  4 will-o-the-wisps
  20 wolf spiders
  3 orc sorcerers
  17 deep elf magi
  5 cyclopes
  3 manticores (D:15)
  Joseph (D:8)
  22 elephants
  2 ice statues
  A salamander (D:15)
  A fire giant skeleton (Vaults:4)
  A moth of wrath (Spider:3)
  4 toenail golems (Volcano)
  A human zombie (Vaults:1)
  3 black mambas
  6 guardian serpents
  2 torpor snails
  18 vault sentinels
  2 cane toads (shapeshifter)
  8 orange demons
  A molten gargoyle (Desolation)
  3 gargoyles
  2 smoke demons (WizLab)
  2 centaur skeletons (D:15)
  5 kobold demonologists
  8 komodo dragons
  3 cane toads
  2 efreet
  A hellion (WizLab)
  A rime drake (shapeshifter) (Vaults:1)
  15 demonic crawlers
  3 anaconda simulacra (IceCv)
  42 yaktaurs
  An entropy weaver simulacrum (Vaults:2)
  3 rime drakes
  5 tengu conjurers
  A tormentor (WizLab)
  4 hellwings
  A golden dragon simulacrum (IceCv)
  8 ice devils
  8 freezing wraiths
  A yaktaur (shapeshifter) (Vaults:3)
  A jumping spider (shapeshifter) (Vaults:3)
  4 polar bears
  7 trolls
  2 red devils (WizLab)
  A queen bee (D:9)
  3 meliai (D:15)
  23 jumping spiders
  A queen bee (shapeshifter) (Vaults:2)
  9 tyrant leeches
  11 hornets
  30 slime creatures
  An ettin zombie (Vaults:4)
  56 saltlings
  13 blink frogs
  A dream sheep (shapeshifter) (Vaults:2)
  A meliai zombie (D:15)
  A spriggan (shapeshifter) (Vaults:2)
  7 dream sheep (Lair:6)
  3 spriggans
  A ynoxinul (WizLab)
  Sigmund (D:2)
  7 basilisks
  A vampire (D:10)
  38 tarantellas
  71 redbacks
  4 dire elephant simulacra (IceCv)
  7 shadows
  An ettin skeleton (Vaults:1)
  A tarantella (shapeshifter) (Vaults:5)
  9 wyverns
  4 wraiths
  2 hogs (D:15)
  33 yaks
  5 fire bats (D:14)
  8 vampire mosquitoes
  A steam dragon (Lair:3)
  3 iron troll simulacra (IceCv)
  7 chaos spawn
  2 neqoxecs (Swamp:4)
  6 wargs
  A human simulacrum (Vaults:1)
  12 swamp worms
  10 water moccasins
  5 harpy simulacra (IceCv)
  A yaktaur simulacrum (Vaults:4)
  2 hydra simulacra (IceCv)
  5 acid dragons
  A soldier ant (shapeshifter) (Vaults:5)
  4 swamp drakes
  2 ice beasts
  3 sky beasts
  54 orc warriors
  A black bear (shapeshifter) (D:14)
  An ettin simulacrum (IceCv)
  A hornet zombie (D:8)
  A phantom (D:8)
  3 black bears
  39 ogres
  An alligator simulacrum (IceCv)
  13 boggarts
  27 wolves
  11 centaurs
  2 lemures (D:8)
  2 big kobolds
  22 bullfrogs
  3 human skeletons
  A wyvern skeleton (D:8)
  8 scorpions
  54 killer bees
  32 wights
  5 electric eels
  3 howler monkeys
  A quasit (D:8)
  5 centaur zombies
  11 hounds
  A bullfrog zombie (D:6)
  2 draconian simulacra (IceCv)
  21 orc priests
  5 jellies
  A bullfrog skeleton (D:8)
  3 iguanas
  29 orc wizards
  7 worker ants
  2 troll simulacra (IceCv)
  2 spriggan simulacra (IceCv)
  2 killer bee zombies
  4 centaur simulacra (IceCv)
  A hound zombie (D:8)
  2 hound skeletons (D:4)
  A mummy (D:8)
  2 worker ant zombies
  11 adders
  2 naga simulacra (IceCv)
  3 shadow imps
  13 white imps
  6 ufetubi
  An ooze (D:2)
  3 adder skeletons
  2 adder zombies
  2 worms (D:2)
  A dart slug (D:2)
  9 leopard geckos
  99 orcs
  4 giant cockroaches
  7 goblins
  4 hobgoblins (D:3)
  6 jackals
  3 quokkas
  2 ball pythons
  6 bats
  3 frilled lizards
  A jackal zombie (D:7)
  8 kobolds
  A leopard gecko skeleton (D:8)
  5 rats
  A bush (D:1)
  3 crawling corpses (Vaults:5)
1837 creatures vanquished.

Vanquished Creatures (collateral kills)
  A wight (D:11)
1 creature vanquished.

Vanquished Creatures (others)
  A tengu reaver (Vaults:5)
  A deep elf sorcerer (Vaults:4)
  A stone giant (Vaults:5)
  A war gargoyle (Vaults:4)
  A spark wasp (shapeshifter) (Vaults:5)
  A servant of whispers (Desolation)
  A deep elf high priest (Vaults:4)
  3 vault guards (Vaults:5)
  A dancing weapon (Vaults:5)
  A bog body (Swamp:1)
  An ironbrand convoker (Vaults:5)
  A yaktaur (Vaults:5)
  4 bloated husks
  A redback (Spider:4)
  A swamp worm (Swamp:1)
  An orc warrior (Vaults:5)
  An orc wizard (Orc:1)
  4 foxfires
  29 fungi
  35 plants
90 creatures vanquished.

Grand Total: 1928 creatures vanquished

Notes
Turn   | Place    | Note
-------+----------+-------------------------------------------
     0 | D:1      | gimp the Gargoyle Fighter began the quest for the Orb.
     0 | D:1      | Reached XP level 1. HP: 14/14 MP: 1/1
   516 | D:1      | Reached XP level 2. HP: 19/19 MP: 2/2
  1085 | D:2      | Reached XP level 3. HP: 9/23 MP: 3/3
  1370 | D:2      | Found a shimmering altar of Xom.
  1483 | D:2      | Noticed Sigmund
  1531 | D:2      | Killed Sigmund
  1532 | D:2      | Reached skill level 4 in Armour
  1532 | D:2      | Reached XP level 4. HP: 11/29 MP: 4/4
  1532 | D:2      | Reached XP level 5. HP: 13/33 MP: 5/5
  2221 | D:3      | Reached XP level 6. HP: 35/38 MP: 6/6
  2244 | D:3      | Reached skill level 5 in Shields
  2846 | D:3      | Noticed Ijyb
  3061 | D:4      | Found a stormy altar of Qazlal.
  3227 | D:4      | Found a radiant altar of Vehumet.
  3477 | D:5      | Entered Level 5 of the Dungeon
  3635 | D:5      | Reached XP level 7. HP: 38/44 MP: 7/7
  3701 | D:5      | Found a staircase to the Ecumenical Temple.
  3725 | Temple   | Entered the Ecumenical Temple
  3991 | D:5      | Found a runed translucent gate.
  3991 | D:5      | Found a runed translucent gate.
  4006 | D:5      | Found a runed translucent gate.
  4006 | D:5      | You fall into a shaft and drop 2 floors!
  4108 | D:6      | Reached skill level 5 in Fighting
  4108 | D:6      | Reached skill level 5 in Armour
  4123 | D:6      | Reached XP level 8. HP: 36/49 MP: 8/8
  4170 | D:6      | Reached skill level 5 in Axes
  4317 | D:5      | Noticed Tarl's ghost (novice FoFi)
  5457 | D:7      | Reached skill level 6 in Armour
  5573 | D:7      | Reached XP level 9. HP: 54/54 MP: 9/9
  5587 | D:7      | Found Ajityh's Jewellery Shop.
  5591 | D:7      | Bought an uncursed ring of see invisible for 195 gold
                  | pieces
  5598 | D:7      | Noticed a two-headed ogre
  5734 | D:7      | Found Susauj's Antique Weapon Shop.
  5737 | D:7      | Identified a scroll of acquirement
  5750 | D:7      | Acquired 1027 gold pieces
  5752 | D:7      | Bought a masterwork war axe for 178 gold pieces
  5752 | D:7      | Bought a runed broad axe for 147 gold pieces
  5752 | D:7      | Identified the +4 war axe "Awuri" {drain, rF+ Str+5} (You
                  | bought it in a shop on level 7 of the Dungeon)
  5779 | D:7      | You fall into a shaft and drop 3 floors!
  5779 | D:10     | Entered Level 10 of the Dungeon
  5920 | D:10     | Found a burning altar of Makhleb.
  5951 | D:10     | Found a glowing golden altar of the Shining One.
  5992 | D:10     | Noticed a two-headed ogre
  6006 | D:10     | Killed a two-headed ogre
  6061 | D:10     | Found a hide-covered altar of Uskayaw.
  6098 | D:9      | Reached skill level 7 in Armour
  6126 | D:8      | Found Lofing's Weapon Boutique.
  6241 | D:8      | Reached XP level 10. HP: 59/59 MP: 10/10
  6338 | D:8      | Reached skill level 10 in Shields
  6529 | D:8      | Noticed Pikel
  6545 | D:8      | Killed Pikel
  6606 | D:8      | Got a transparent plate armour
  6617 | D:8      | Identified the cursed +1 plate armour of Supple Strength
                  | {Slay+2} (You found it on level 8 of the Dungeon)
  6735 | D:8      | Noticed Joseph
  6754 | D:8      | Killed Joseph
  6802 | D:8      | Found a snail-covered altar of Cheibriados.
  6938 | D:7      | Reached skill level 8 in Armour
  7022 | D:7      | Killed a two-headed ogre
  7066 | D:7      | Found Plog's Gadget Boutique.
  7161 | D:7      | Found Keudary's Antique Armour Shoppe.
  7178 | D:7      | Bought a dazzling cloak for 228 gold pieces
  7178 | D:7      | Bought a runed helmet for 180 gold pieces
  7193 | D:7      | Identified the +2 cloak of the Tuna {Regen+ SInv} (You
                  | bought it in a shop on level 7 of the Dungeon)
  7344 | D:7      | Found Suonih's Armour Emporium.
  7347 | D:7      | Bought a +0 pair of gloves of dexterity for 172 gold pieces
  7576 | D:9      | Found an iron altar of Okawaru.
  7582 | D:9      | Became a worshipper of Warmaster Okawaru
  7702 | D:9      | Found a staircase to the Lair.
  7737 | D:9      | Reached * piety under Okawaru
  7738 | D:9      | Reached skill level 1 in Invocations
  7738 | D:9      | Reached XP level 11. HP: 53/63 MP: 11/11
  8146 | D:9      | Reached ** piety under Okawaru
  8237 | D:10     | Noticed an unseen horror
  8240 | D:10     | Killed an unseen horror
  8400 | D:11     | Noticed a boulder beetle
  8402 | D:11     | Reached skill level 10 in Axes
  8402 | D:11     | Reached skill level 9 in Armour
  8424 | D:10     | Reached *** piety under Okawaru
  8571 | D:11     | Noticed a two-headed ogre
  8589 | D:11     | Killed a two-headed ogre
  8589 | D:11     | Reached **** piety under Okawaru
  8753 | D:11     | Noticed Fannar
  8753 | D:11     | Noticed a six-headed hydra
  8914 | Lair:1   | Entered Level 1 of the Lair of Beasts
  8914 | Lair:1   | Noticed Nergalle
  8929 | D:9      | Killed Nergalle
  8930 | D:9      | Reached XP level 12. HP: 68/68 MP: 15/15
  9069 | Lair:1   | Noticed an eight-headed hydra
  9079 | Lair:1   | Killed a two-headed hydra
  9308 | Lair:1   | Reached ***** piety under Okawaru
  9388 | Lair:1   | Noticed an eight-headed hydra
  9400 | Lair:1   | Killed a six-headed hydra
  9401 | Lair:1   | Reached skill level 5 in Invocations
  9857 | Lair:2   | Noticed Urug
  9871 | Lair:2   | Killed Urug
  9872 | Lair:2   | Reached skill level 10 in Armour
  9915 | Lair:2   | Found a gate leading to a gauntlet.
  9924 | Gauntlet | Entered a Gauntlet
  9924 | Gauntlet | Found a transporter.
  9924 | Gauntlet | Found a transporter.
  9925 | Gauntlet | Noticed a death ooze
  9939 | Gauntlet | Found a transporter.
  9954 | Gauntlet | Found a transporter.
  9954 | Gauntlet | Found a transporter.
  9954 | Gauntlet | Found a transporter.
  9957 | Gauntlet | Found a transporter.
  9959 | Gauntlet | Found a transporter.
  9969 | Gauntlet | Found a transporter.
  9985 | Gauntlet | Found a transporter.
  9986 | Gauntlet | Noticed a reaper
  9995 | Gauntlet | Found a transporter.
 10009 | Gauntlet | Found a transporter.
 10028 | Gauntlet | Found a transporter.
 10030 | Gauntlet | Found a runed translucent gate.
 10030 | Gauntlet | Found a runed translucent gate.
 10030 | Gauntlet | Found a runed translucent gate.
 10036 | Gauntlet | Noticed a tengu warrior
 10041 | Gauntlet | Found a transporter.
 10087 | Gauntlet | Killed a tengu warrior
 10240 | Gauntlet | Killed a reaper
 10248 | Gauntlet | Got a polished helmet
 10259 | Gauntlet | Identified the cursed +0 helmet of Xasunipt {-Tele rElec
                  | rPois rCorr} (You found it in a Gauntlet)
 10303 | Gauntlet | Noticed a minotaur
 10317 | Gauntlet | Killed a minotaur
 10478 | Lair:2   | Noticed Erica
 10499 | Lair:2   | Killed Erica
 10530 | Lair:2   | Reached XP level 13. HP: 72/72 MP: 17/17
 10909 | Lair:2   | Received a gift from Okawaru
 11502 | Lair:3   | Noticed Gastronok
 11521 | Lair:3   | Killed Gastronok
 11591 | Lair:3   | Found a staircase to the Swamp.
 11776 | Lair:3   | Reached skill level 11 in Armour
 12108 | Lair:4   | Reached ****** piety under Okawaru
 12178 | Lair:4   | Reached skill level 15 in Shields
 12201 | Lair:4   | Received a gift from Okawaru
 12218 | Lair:4   | Found a dark tunnel.
 12228 | Volcano  | Entered a volcano
 12262 | Volcano  | Reached skill level 1 in Throwing
 12371 | Volcano  | Gained mutation: Your large and strong wings let you fly
                  | indefinitely. [Gargoyle growth]
 12371 | Volcano  | Reached XP level 14. HP: 78/78 MP: 20/20
 12546 | Lair:4   | Found a hole to the Spider Nest.
 12849 | Lair:4   | You fall into a shaft and drop 1 floor!
 13651 | Lair:5   | You fall into a shaft and drop 1 floor!
 13651 | Lair:6   | Entered Level 6 of the Lair of Beasts
 13677 | Lair:6   | Reached skill level 12 in Armour
 13919 | Lair:5   | Found a viscous altar of Jiyva.
 13919 | Lair:5   | Found a staircase to the Slime Pits.
 14259 | Lair:6   | Received a gift from Okawaru
 14639 | Lair:6   | Reached skill level 5 in Throwing
 14699 | Lair:6   | Noticed a dire elephant
 14726 | Lair:6   | Killed a dire elephant
 15225 | D:11     | Reached XP level 15. HP: 82/82 MP: 21/21
 15244 | D:11     | Found a staircase to the Orcish Mines.
 15265 | D:11     | Killed Fannar
 15488 | Orc:1    | Entered Level 1 of the Orcish Mines
 15602 | Orc:1    | Noticed an orc warlord
 15606 | Orc:1    | Noticed Josephine
 15626 | Orc:1    | Killed Josephine
 15640 | Orc:1    | Killed an orc warlord
 15669 | Orc:1    | Received a gift from Okawaru
 15670 | Orc:1    | Reached skill level 13 in Armour
 15785 | Orc:1    | Found a roughly hewn altar of Beogh.
 16094 | Orc:2    | Entered Level 2 of the Orcish Mines
 16137 | Orc:2    | Reached skill level 15 in Axes
 16272 | Orc:2    | Found a roughly hewn altar of Beogh.
 16295 | Orc:2    | Found Suku's Gadget Emporium.
 16301 | Orc:2    | Bought a condenser vane for 400 gold pieces
 16346 | Orc:2    | Found a staircase to the Elven Halls.
 16386 | Orc:2    | Found a roughly hewn altar of Beogh.
 16634 | Orc:2    | Found a roughly hewn altar of Beogh.
 16701 | Orc:2    | Noticed Saint Roka
 16826 | Orc:2    | Found a roughly hewn altar of Beogh.
 16846 | Orc:2    | Found Ecladwos's Antique Armour Boutique.
 16859 | Orc:2    | Bought a glowing scarf for 248 gold pieces
 16859 | Orc:2    | Bought a runed scarf for 248 gold pieces
 17127 | Orc:2    | Killed Saint Roka
 17127 | Orc:2    | Received a gift from Okawaru
 17232 | Orc:2    | Found Gauf's Antique Armour Shop.
 17233 | Orc:2    | Found a roughly hewn altar of Beogh.
 17234 | Orc:2    | Found Gousk's Antique Weapon Boutique.
 17277 | Orc:2    | Found a roughly hewn altar of Beogh.
 17624 | D:12     | Found a bloodstained altar of Trog.
 17659 | D:12     | Received a gift from Okawaru
 18004 | D:12     | Found a snail-covered altar of Cheibriados.
 18254 | D:13     | Reached skill level 1 in Dodging
 18691 | D:13     | Reached skill level 14 in Armour
 18713 | D:13     | Reached XP level 16. HP: 87/87 MP: 22/22
 19308 | D:14     | Found a snail-covered altar of Cheibriados.
 19422 | D:14     | Found a gate to the Vaults.
 19974 | D:15     | Entered Level 15 of the Dungeon
 20336 | D:15     | Received a gift from Okawaru
 20354 | D:15     | Noticed Rupert
 20368 | D:15     | Killed Rupert
 20368 | D:15     | Received a gift from Okawaru
 20556 | D:15     | Noticed Jorgrun
 20576 | D:15     | Killed Jorgrun
 20625 | D:15     | Found a blossoming altar of Fedhas.
 20707 | D:15     | Found Bojaawam's Assorted Antiques.
 20723 | D:15     | Bought a scroll of blinking for 247 gold pieces
 20723 | D:15     | Bought a wand of iceblast (12) for 132 gold pieces
 20774 | D:15     | Noticed Kirke
 20786 | D:15     | Killed Kirke
 20786 | D:15     | Received a gift from Okawaru
 21024 | D:15     | Found a staircase to the Depths.
 21333 | D:7      | Bought the amulet of Saothod {Acrobat rN+ Will+} for 608
                  | gold pieces
 21459 | D:7      | Bought an uncursed ring of resist corrosion for 260 gold
                  | pieces
 21663 | Spider:1 | Entered Level 1 of the Spider Nest
 21797 | Spider:1 | Reached skill level 5 in Dodging
 22133 | Spider:1 | Reached skill level 15 in Armour
 22828 | Spider:2 | Reached XP level 17. HP: 85/92 MP: 23/23
 25247 | Spider:4 | Entered Level 4 of the Spider Nest
 25344 | Spider:4 | Received a gift from Okawaru
 25402 | Spider:4 | Noticed Arachne
 25462 | Spider:4 | Killed Arachne
 25663 | Spider:4 | Noticed Mara
 25770 | Spider:3 | Noticed gimp's illusion
 25808 | Spider:3 | Killed Mara
 25808 | Spider:3 | Received a gift from Okawaru
 25811 | Spider:3 | Got a transparent cloak {god gift}
 25823 | Spider:3 | Identified the +1 cloak "Emublod" {Harm rF- Int+5 Dex+4}
                  | (Okawaru gifted it to you on level 3 of the Spider Nest)
 26003 | Spider:4 | Got a gossamer rune of Zot
 26093 | Spider:4 | Reached XP level 18. HP: 91/96 MP: 17/24
 27045 | Swamp:1  | Entered Level 1 of the Swamp
 27193 | Swamp:1  | Found a frozen archway.
 27253 | IceCv    | Entered an ice cave
 28128 | IceCv    | Identified the Disquisition on the Lethal Glacier
 29138 | Swamp:2  | Received a gift from Okawaru
 29610 | Swamp:3  | Noticed Donald
 29623 | Swamp:3  | Killed Donald
 29623 | Swamp:3  | Received a gift from Okawaru
 29626 | Swamp:3  | Identified the +7 war axe of Ciageed {antimagic, rC+ Int-4
                  | Dex+4} (Okawaru gifted it to you on level 3 of the Swamp)
 29966 | Swamp:3  | Found a basalt altar of Yredelemnul.
 30103 | Swamp:4  | Entered Level 4 of the Swamp
 30127 | Swamp:4  | Reached XP level 19. HP: 90/107 MP: 18/25
 30231 | Swamp:4  | Received a gift from Okawaru
 30534 | Swamp:4  | Received a gift from Okawaru
 30720 | Swamp:4  | Received a gift from Okawaru
 30721 | Swamp:4  | Reached skill level 10 in Fighting
 31087 | Swamp:4  | Got a decaying rune of Zot
 31153 | Swamp:4  | Received a gift from Okawaru
 31510 | Vaults:1 | Entered Level 1 of the Vaults
 31560 | Vaults:1 | Reached skill level 10 in Throwing
 31641 | Vaults:1 | Received a gift from Okawaru
 31800 | Vaults:1 | Reached skill level 1 in Evocations
 31885 | Vaults:1 | Received a gift from Okawaru
 32029 | Vaults:1 | Received a gift from Okawaru
 32207 | Vaults:1 | Reached XP level 20. HP: 120/120 MP: 24/26
 32395 | Vaults:1 | Found Apejuu's Gadget Boutique.
 32431 | Vaults:1 | Reached skill level 5 in Evocations
 32433 | Vaults:1 | Received a gift from Okawaru
 33031 | Vaults:2 | Found a magical portal.
 33047 | WizLab   | Entered The Hall of the Hellbinder
 33429 | WizLab   | Gained mutation: Your body sometimes deteriorates upon
                  | taking damage. [a cacodemon]
 33435 | WizLab   | Gained mutation: You tend to lose your temper in combat. [a
                  | cacodemon]
 33439 | WizLab   | Gained mutation: Your body often deteriorates upon taking
                  | damage. [a cacodemon]
 33493 | WizLab   | Noticed Hurosm
 33513 | WizLab   | Killed Hurosm the Hellbinder
 33515 | WizLab   | Found a burning altar of Makhleb.
 33530 | WizLab   | Identified the Guide on Creation
 33554 | WizLab   | Got a coiled lapis lazuli ring
 33560 | WizLab   | Identified the ring "Jiler" {Str+6 Int+5 Dex+7 Stlth-} (You
                  | found it in a wizard's laboratory)
 33826 | Vaults:2 | Received a gift from Okawaru
 34673 | Vaults:2 | Reached XP level 21. HP: 124/124 MP: 27/27
 35120 | Vaults:3 | Found a ruined gateway.
 35142 | Desolati | Entered the Desolation of Salt
 35232 | Desolati | Identified Ceef's Grimoire of Earth and Ice
 35317 | Desolati | Received a gift from Okawaru
 35395 | Desolati | Reached skill level 10 in Evocations
 35426 | Desolati | Identified the ring of Joggilif {*Drain +Fly rPois Dex+3}
                  | (You found it in the Desolation of Salt)
 35520 | Desolati | Identified the ring of Mistrust {Will+ AC+4} (You found it
                  | in the Desolation of Salt)
 35547 | Desolati | Got a scorched ivory ring
 35548 | Desolati | Identified the ring of Sasin {+Fly rElec EV+4 Dex+2 Stlth-}
                  | (You found it in the Desolation of Salt)
 35562 | Desolati | Identified the +4 war axe of Outrage {distort, +Blink} (You
                  | found it in the Desolation of Salt)
 35565 | Desolati | Identified the cursed +1 scale mail of Masochism {Regen+}
                  | (You found it in the Desolation of Salt)
 35736 | Desolati | Identified Pujes's Reference Book on Creative
                  | Transformation
 35740 | Desolati | Got a clouded amber ring
 35741 | Desolati | Identified the ring of Qeinarphe {+Blink +Fly rF- Str+6}
                  | (You found it in the Desolation of Salt)
 35878 | Desolati | Identified the Tome of the Aerial Snowflakes
 36454 | Vaults:3 | Received a gift from Okawaru
 36645 | Vaults:3 | Reached skill level 15 in Throwing
 36648 | Vaults:3 | Reached XP level 22. HP: 132/132 MP: 22/28
 36699 | Vaults:3 | Found Docvy's Assorted Antiques.
 36727 | Vaults:3 | Bought a scroll of fog for 72 gold pieces
 36727 | Vaults:3 | Bought a scroll of teleportation for 108 gold pieces
 36727 | Vaults:3 | Bought a scroll of blinking for 270 gold pieces
 36727 | Vaults:3 | Bought a potion of heal wounds for 180 gold pieces
 36741 | Vaults:3 | Noticed Margery
 36756 | Vaults:3 | Killed Margery
 36960 | Vaults:3 | Received a gift from Okawaru
 37344 | Vaults:3 | Found a staircase to the Crypt.
 37492 | Vaults:4 | Found Lumm's Antique Armour Shoppe.
 38160 | Vaults:4 | Found Lusips's Armour Emporium.
 38161 | Vaults:4 | Noticed Jory
 38171 | Vaults:4 | Received a gift from Okawaru
 38172 | Vaults:4 | Reached skill level 15 in Fighting
 38187 | Vaults:4 | Killed Jory
 38517 | Vaults:4 | Reached XP level 23. HP: 144/144 MP: 29/29
 38522 | Vaults:4 | Reached skill level 16 in Armour
 38862 | Vaults:5 | Entered Level 5 of the Vaults
 38888 | Vaults:4 | Reached skill level 17 in Armour
 38961 | Vaults:5 | Noticed Xtahua
 38974 | Vaults:5 | Received a gift from Okawaru
 39000 | Vaults:4 | Killed Xtahua
 39105 | Vaults:4 | Reached skill level 18 in Armour
 39146 | Vaults:5 | Noticed a golden dragon
 39151 | Vaults:5 | Received a gift from Okawaru
 39156 | Vaults:5 | Reached skill level 19 in Armour
 39156 | Vaults:5 | Noticed an ancient lich
 39164 | Vaults:4 | Killed a golden dragon
 39281 | Vaults:4 | Killed an ancient lich
 39282 | Vaults:4 | Reached XP level 24. HP: 46/150 MP: 24/29
 39283 | Vaults:4 | Reached skill level 20 in Armour
 40003 | Vaults:4 | Received a gift from Okawaru
 40033 | Vaults:5 | Received a gift from Okawaru
 40053 | Vaults:5 | Reached skill level 21 in Armour
 40316 | Vaults:5 | Identified the cursed +1 great sword of Domination {vorpal,
                  | +Blink rC++ Str+6 Dex-3}
 40423 | Vaults:5 | Identified the cursed +3 great sword "Omelette" {antimagic,
                  | Str+4 Int+4}
 40447 | Vaults:5 | Noticed an ancient lich
 40466 | Vaults:5 | HP: 2/151 [ancient lich/iron shot (51)]
 40466 | Vaults:5 | Annihilated by a titan

Illustrated notes

Levels and vault maps discovered:
D:1:      scummos_arrival_star, layout_loops_ring, serial_forest,
          infiniplex_forest_lined_room_2, infiniplex_forest_lined_3_way,
          infiniplex_forest_straight_4, infiniplex_forest_clump_small,
          infiniplex_forest_clump_double, infiniplex_forest_split,
          infiniplex_forest_zigzag_1, infiniplex_forest_lined_corner,
          grunt_decor_one_mirror
D:2:      layout_basic, general_overflow_altar, uniq_sigmund
D:3:      layout_loops_ring, uniq_ijyb
D:4:      layout_loops_cross, nicolae_overflow_crystal_walls,
          nicolae_qazlal_general_emergency
D:5:      layout_loops_ring, minmay_temple_entry_large_hall,
          gammafunk_ghost_split, grunt_decor_junction
D:6:      layout_basic
D:7:      layout_loops_ring, serial_shops, kennysheep_little_box,
          kennysheep_mini, shop, shop, nicolae_shop_crystal,
          kennysheep_generic_room_14
D:8:      layout_basic, slow_altar_2, serial_shops, nicolae_shop_waterfront,
          uniq_pikel, uniq_joseph
D:9:      layout_gridville, old_standard_altar, grunt_lair_entry_orc_guard_hut,
          special_room [special_room_bee], hangedman_decor_push,
          minmay_misc_feat_chi
D:10:     layout_big_octagon, basic_altar, nzn_life_drinkers
D:11:     layout_gridville, orc_0_dummy, uniq_fannar
D:12:     layout_loops_cross, basic_altar, serial_glass, glass_columns_c,
          glass_columns_a, trog_ov_bears_minmay
D:13:     nicolae_whirlpool, layout_cave_pods
D:14:     minmay_firetagon, layout_loops_corners, erik_vaults_1,
          cheibriados_altar_1, serial_park_tiny_1
D:15:     hangedman_depths_entry_try_elsewhere_first, layout_loops_corners,
          serial_shops, nicolae_shop_overgrown_old_shop, fedhas_altar_2,
          uniq_kirke, uniq_rupert, uniq_jorgrun
Temple:   dpeg_five_rooms_temple
Lair:1:   layout_regular_city, beast_lair_carwin_7, infiniplex_staircase_pool,
          uniq_nergalle
Lair:2:   regret_index_harrowing_hell_hive, layout_hall_layers,
          gauntlet_entry_generic, uniq_erica, uniq_urug
Lair:3:   layout_hall_layers, minmay_swamp_entry_swarm, special_room,
          serial_bayou_shore_a, serial_bayou_shore_b, uniq_gastronok
Lair:4:   layout_regular_city, spider_nest_entry_webs,
          nicolae_volcano_entry_two_sided, minivault_27
Lair:5:   layout_loops_ring, dpeg_slime_entry_enclosed_altar, grunt_megastairs_5
Lair:6:   grunt_lair_end_beastmaster, layout_loops_ring
Swamp:1:  layout_basic_swamp, portal_ice_cave_entry_ice_statue_one,
          evilmike_swamp_ruin_house_5, swamp_pool1
Swamp:2:  layout_falls_marsh, nicolae_swamp_little_tower
Swamp:3:  layout_basic_swamp, nicolae_swamp_godswood, swamp_pool5, uniq_donald
Swamp:4:  nzn_swamp_witches_coven, layout_basic_swamp, swamp_pool1
Spider:1: layout_spider_delve
Spider:2: layout_spider_delve
Spider:3: layout_chambers
Spider:4: johnstein_spider_rune_arachne_lair, uniq_mara
Orc:1:    orc_temple, layout_diamond_mine, uniq_josephine
Orc:2:    grunt_orc_community_town_hall, layout_diamond_mine,
          grunt_orc_community_big_house_2, grunt_orc_community_big_house_2,
          grunt_orc_community_house_1, grunt_orc_community_house_2,
          grunt_orc_community_house_2, grunt_orc_community_house_2,
          grunt_orc_community_house_2, grunt_orc_community_house_1
Vaults:1: nicolae_vaults_network_s, grunt_vaults_trifunnel,
          nicolae_vaults_little_squares_2, nicolae_vaults_rhombus_7,
          ontoclasm_vaults_gateway, nicolae_vaults_mini_display_case,
          nicolae_vaults_little_squares_3, ontoclasm_vaults_twist,
          vaults_room_grunt_arrival_ludios, layout_vaults_omnigrid,
          serial_shops, shop
Vaults:2: v_misc_17, nicolae_vaults_murderbox, ontoclasm_vaults_hangar,
          v_misc_16, vaults_dpeg_doors, vaults_mumra_chevron_long,
          ontoclasm_vaults_claustrophobia, nicolae_vaults_alarming,
          vaults_mumra_hex, ontoclasm_vaults_spin, grunt_vaults_hallway_short,
          hangedman_vaults_stretched_pinwheel, nicolae_vaults_rhombus_5,
          vaults_room_corners, layout_vaults_omnicross,
          infiniplex_enter_wizlab_glasses
Vaults:3: vaults_room_fours, hangedman_vaults_nodes,
          minmay_crypt_entry_simple_walls, v_rooms_5, vaults_dpeg_spiral,
          nicolae_vaults_border_crossing, v_misc_33, vaults_dpeg_hooks,
          v_misc_25, vaults_room_fours, vaults_dpeg_diagonal, v_misc_24,
          layout_vaults_omnibox, serial_shops, shop,
          portal_desolation_entry_salt, uniq_margery
Vaults:4: vaults_room_door_hall, nicolae_vaults_lopsided_apartments,
          ontoclasm_vaults_bender, nicolae_vaults_twisting_passages,
          nicolae_vaults_angled_halls, v_misc_28, hangedman_vaults_stagger,
          dpeg_vaults_monster_box, vaults_mumra_minichess,
          ontoclasm_vaults_ring_small, nicolae_vaults_ring_of_whatevers,
          layout_vaults_maze, serial_shops, shop_coins, uniq_jory
Vaults:5: uniq_xtahua

Skill      XL: |  1  2  3  4  5  6  7  8  9 10 11 12 13 14 15 16 17 18 19 20 21 22 23 24 |
---------------+-------------------------------------------------------------------------+-----
Axes           | 2 3 4 6 7 9 10 11 12 14 15 17 18 20 | 20.0
Fighting       | 4 5 7 11 12 15 | 15.4
Armour         | 4 5 6 7 8 9 10 11 12 14 15 19 21 | 21.3
Shields        | 4 5 6 8 9 11 12 14 15 | 15.0
Invocations    | 1 4 6 8 |  8.0
Throwing       | 1 5 6 7 11 13 15 16 | 16.0
Dodging        | 2 5 7 8 |  8.0
Evocations     | 3 8 11 | 11.0

Action                   |  1- 3 |  4- 6 |  7- 9 | 10-12 | 13-15 | 16-18 | 19-21 | 22-24 || total
-------------------------+-------+-------+-------+-------+-------+-------+-------+-------++-------
Melee: War axe           |   148 |   150 |   333 |   515 |  1094 |   904 |       |       ||  3144
       Broad axe         |       |       |    23 |    37 |   151 |   806 |  1317 |   884 ||  3218
Throw: Boomerang         |     2 |       |     1 |       |       |       |       |       ||     3
       Javelin           |       |       |       |       |       |    14 |       |       ||    14
Invok: Heroism           |       |       |       |     8 |    11 |    15 |    14 |    16 ||    64
       Finesse           |       |       |       |     2 |     4 |     7 |     6 |     9 ||    28
 Abil: Fly               |       |       |       |       |     1 |     1 |       |       ||     2
       Stop Flying       |       |       |       |       |     1 |       |     1 |       ||     2
Evoke: Wand              |       |       |     8 |     1 |     2 |     5 |     1 |     2 ||    19
       Phantom mirror    |       |       |       |       |     1 |       |       |       ||     1
       Condenser vane    |       |       |       |       |       |     1 |       |     2 ||     3
       Tin of tremorston |       |       |       |       |       |       |       |     1 ||     1
  Use: Potion            |     1 |       |     2 |     1 |       |     1 |       |     2 ||     7
       Scroll            |       |    12 |     6 |    14 |     6 |     9 |    11 |     1 ||    59
 Stab: Petrified         |       |       |       |       |     5 |       |       |       ||     5
       Distracted        |       |       |       |       |     1 |       |     1 |     2 ||     4
Armor: Scale mail        |    67 |    87 |   142 |       |       |       |       |       ||   296
       Chain mail        |       |       |    31 |    34 |       |       |       |       ||    65
       Skin              |       |       |    30 |     3 |       |       |       |       ||    33
       Plate armour      |       |       |       |   288 |   504 |   912 |   404 |   380 ||  2488
Dodge: Dodged            |    49 |    36 |    91 |   134 |   233 |   598 |   427 |   329 ||  1897
Block: Kite shield       |    64 |    71 |   255 |   388 |   849 |  1306 |   795 |   606 ||  4334
